 Dungeon Sprint DCSS version 0.29-a0-378-gc08b2e8bf8 (webtiles) character file.

Game seed: 11441035947431097456

1740 mhtbhm the Fighter (level 8, -3/79 (85) HPs)
             Began as a Minotaur Fighter on May 4, 2022.
             Was an Initiate of Gozag.
             Killed from afar by Josephine (11 damage)
             ... with a ghostly fireball
             ... in the Dungeon (Sprint VII: "The Pits").
             The game lasted 00:02:48 (663 turns).

mhtbhm the Fighter (Minotaur Fighter)                Turns: 663, Time: 00:02:49

HP:   -3/79 (85)    AC: 19    Str: 23    XL:     8   Next: 77%
MP:   7/7           EV: 11    Int:  8    God:    Gozag
Gold: 1135          SH:  7    Dex: 10    Spells: 7/7 levels left

rFire   . . .      SeeInvis .   a - +1 broad axe (vorpal)
rCold   . . .      Faith    .   c - +0 buckler
rNeg    . . .      Spirit   .   b - +3 plate armour
rPois   .          Reflect  .   (helmet restricted)
rElec   .          Harm     .   (no cloak)
rCorr   .          Rampage  .   (no gloves)
Will    .....      NoTele   +   r - +0 pair of boots
Stlth   ..........              (no amulet)
HPRegen 0.23/turn               n - +3 ring of evasion
MPRegen 0.10/turn               o - +3 ring of intelligence

@: brilliant, gold aura, hasted and slowed, drained
A: horns 2, retaliatory headbutt
a: Renounce Religion, Potion Petition, Call Merchant, Bribe Branch


You were in the Dungeon.
You worshipped Gozag.
Gozag was most pleased with you.
You visited 1 branch You collected 1575 gold pieces.
You paid 440 gold pieces to Gozag.

Inventory:

Hand Weapons
 a - a +1 vorpal broad axe (weapon)
Armour
 b - a +3 plate armour (worn)
 c - a +0 buckler (worn)
 r - a +0 pair of boots (worn)
Jewellery
 n - a +3 ring of evasion (left hand)
 o - a +3 ring of intelligence (right hand)
Scrolls
 j - a scroll of blinking
 l - 5 scrolls of amnesia
 m - a scroll of summoning
Potions
 d - 2 potions of might
 e - 5 potions of curing
 f - 6 potions of heal wounds
 g - 2 potions of haste
 h - 4 potions of magic
 i - 3 potions of berserk rage
 k - 2 potions of invisibility
 p - a potion of brilliance
 q - a potion of resistance


   Skills:
 + Level 12.5 Fighting
 + Level 11.0 Axes
 + Level 12.0 Armour
 + Level 4.1 Dodging
 + Level 0.2 Stealth
 + Level 12.5 Shields


You had 7 spell levels left.
You didn't know any spells.
Your spell library was empty.

Dungeon Overview and Level Annotations

Branches:
Dungeon (1/1)

Altars:
Ashenzari
Cheibriados
Dithmenos
Elyvilon
Fedhas
Gozag
Hepliaklqana
Kikubaaqudgha
Makhleb
Nemelex Xobeh
Okawaru
Qazlal
Ru
Sif Muna
Trog
Uskayaw
Vehumet
Wu Jian
Xom
Yredelemnul
Zin
The Shining One
Beogh
Jiyva
Lugonu

Annotations:
D Josephine


Innate Abilities, Weirdness & Mutations

You have a pair of horns on your head.
You reflexively headbutt those who attack you in melee.


Message History

You slice Josephine!!
Josephine is no longer distracted by gold.
Josephine is almost dead.
You hit the wraith. You slash the wraith!
The wraith is no longer distracted by gold.
You block the wraith's attack. Josephine hits you but does no damage.
The wraith closely misses you.
You hit Josephine but do no damage.
You headbutt Josephine, but do no damage.
Josephine is almost dead.
You barely miss the wraith. You hit the wraith. You block the wraith's attack.
Josephine grins evilly.
Josephine gestures at you while chanting.
The ghostly flame explodes!
The ghostly fireball engulfs you!!
You feel drained.
* * * LOW HITPOINT WARNING * * *
The ghostly fireball engulfs Josephine.
Josephine completely resists.
The ghostly fireball engulfs the wraith.
The wraith completely resists.
The ghostly fireball engulfs the wraith.
The wraith completely resists.
The wraith hits you.
* * * LOW HITPOINT WARNING * * *
The wraith drains your vigour!
You feel as though you will be slow longer.
Unknown command.
Press: ? - help, v - describe, . - travel, g - get item
Here: Josephine, wielding a +0 dagger and wearing a +0 robe (almost dead) Item here: 63 gold pieces.
The floor, spattered with blood.
Unknown command.
Unknown command.
You closely miss Josephine.
Josephine is almost dead.
You slash the wraith! You barely miss the wraith.
You block the wraith's attack. The wraith hits you.
* * * LOW HITPOINT WARNING * * *
Josephine gestures at you while chanting.
The ghostly flame explodes!
The ghostly fireball engulfs you!
You feel drained.
You die...
Your body crumbles into a pile of gold.

######++##########
.............##..#
...#..#......##..#
.............''W@#
.............''@W#
...#..#......##.W.....W.
.............##.........
'#####++################
....# ....# ....# <...#


You could see Josephine and 3 wraiths.

Vanquished Creatures
  A sea snake (D)
  A demonic crawler (D)
  A tarantella (D)
  A wraith (D)
  A floating eye (D)
  A swamp drake (D)
  An ice beast (D)
  A scorpion (D)
  4 wights (D)
  A quasit (D)
  An orc wizard (D)
  A mummy (D)
  A gnoll (D)
  An adder (D)
  A river rat (D)
  An ufetubus (D)
  A worm (D)
  2 orcs (D)
  An endoplasm (D)
  2 giant cockroaches (D)
  A hobgoblin (D)
  A quokka (D)
  A ball python skeleton (D)
  A bat (D)
  A frilled lizard (D)
  A jackal zombie (D)
31 creatures vanquished.

Notes
Turn   | Place    | Note
-------+----------+-------------------------------------------
     0 | D        | mhtbhm the Minotaur Fighter began the quest for the Orb.
     0 | D        | Reached XP level 1. HP: 19/19 MP: 0/0
    22 | D        | Found a bloodstained altar of Trog.
    22 | D        | Found a shimmering blue altar of Sif Muna.
    22 | D        | Found a viscous altar of Jiyva.
    22 | D        | Found a hazy altar of Hepliaklqana.
    22 | D        | Found an opulent altar of Gozag.
    23 | D        | Found a glowing golden altar of the Shining One.
    23 | D        | Found a glowing silver altar of Zin.
    23 | D        | Found a basalt altar of Yredelemnul.
    23 | D        | Found a shimmering altar of Xom.
    23 | D        | Found an ornate altar of the Wu Jian Council.
    23 | D        | Found a sacrificial altar of Ru.
    23 | D        | Found a stormy altar of Qazlal.
    23 | D        | Found an iron altar of Okawaru.
    23 | D        | Found a sparkling altar of Nemelex Xobeh.
    23 | D        | Found a burning altar of Makhleb.
    23 | D        | Found a blossoming altar of Fedhas.
    23 | D        | Found a white marble altar of Elyvilon.
    23 | D        | Found a shadowy altar of Dithmenos.
    23 | D        | Found a snail-covered altar of Cheibriados.
    25 | D        | Found a radiant altar of Vehumet.
    25 | D        | Found a corrupted altar of Lugonu.
    26 | D        | Found a hide-covered altar of Uskayaw.
    26 | D        | Found an ancient bone altar of Kikubaaqudgha.
    26 | D        | Found a broken altar of Ashenzari.
    30 | D        | Became a worshipper of Gozag Ym Sagoz the Greedy
    70 | D        | Noticed a floating eye
    75 | D        | Killed a floating eye
    76 | D        | Reached XP level 2. HP: 34/34 MP: 1/1
    76 | D        | Reached XP level 3. HP: 39/39 MP: 2/2
    76 | D        | Reached XP level 4. HP: 47/47 MP: 3/3
    98 | D        | Reached XP level 5. HP: 53/53 MP: 4/4
   101 | D        | Reached skill level 5 in Axes
   103 | D        | Reached XP level 6. HP: 63/63 MP: 5/5
   244 | D        | Reached skill level 10 in Fighting
   261 | D        | Noticed a swamp drake
   264 | D        | Killed a swamp drake
   265 | D        | Reached skill level 10 in Armour
   265 | D        | Reached skill level 10 in Shields
   268 | D        | Noticed an ice beast
   274 | D        | Killed an ice beast
   275 | D        | Reached XP level 7. HP: 73/73 MP: 6/6
   297 | D        | Noticed a sea snake
   321 | D        | Killed a sea snake
   322 | D        | Reached XP level 8. HP: 15/83 MP: 7/7
   637 | D        | Noticed a demonic crawler
   637 | D        | Noticed a tarantella
   642 | D        | Killed a tarantella
   643 | D        | Reached skill level 10 in Axes
   648 | D        | Noticed Josephine
   658 | D        | Killed a demonic crawler
   663 | D        | Killed from afar by Josephine

Illustrated notes

Levels and vault maps discovered:
D:        pitsprint [storerooms_1, entrance_room_1, metal_vault_6, armoury_2,
          mini_pit_1, grid_room_1, main_hall_1, silver_pit, the_coven_2,
          the_vestibule_1, steel_vault_1, golden_pit, hallway_of_sentries,
          crystal_vault_5, iron_vault_1, final_vault]

Skill      XL: |  1  2  3  4  5  6  7  8 |
---------------+-------------------------+-----
Fighting       | 7 8 9 10 11 12 | 12.5
Axes           | 4 5 7 9 11 | 11.0
Armour         | 6 7 8 10 11 12 | 12.0
Shields        | 6 7 8 10 11 12 | 12.5
Dodging        | 2 4 |  4.1
Stealth        | |  0.2

Action                   |  1- 3 |  4- 6 |  7- 9 || total
-------------------------+-------+-------+-------++-------
Melee: Hand axe          |     4 |    55 |    32 ||    91
       Headbutt          |     1 |    10 |    10 ||    21
       War axe           |     1 |       |       ||     1
       Broad axe         |       |       |    20 ||    20
Invok: Potion Petition   |       |       |     1 ||     1
  Use: Potion            |       |     1 |     5 ||     6
Armor: Scale mail        |       |     2 |       ||     2
       Ring mail         |       |    11 |    11 ||    22
       Plate armour      |       |       |    18 ||    18
Dodge: Dodged            |       |    13 |    45 ||    58
Block: Buckler           |     1 |    11 |    20 ||    32

Table legend: (Time is in decaauts)
 A = Elapsed time spent in this place.
 B = Non-inter-level travel time spent in this place.
 C = Inter-level travel time spent in this place.
 D = Time resting spent in this place.
 E = Time spent auto-exploring this place.
 F = Levels seen in this place.
 G = Mean time per level.
                   A        B        C        D        E       F      G
               +--------+--------+--------+--------+--------+-----+--------+
         Total |    664 |    664 |      0 |      2 |    231 |   1 |  664.0 |
       Dungeon |    664 |    664 |      0 |      2 |    231 |   1 |  664.0 |
               +--------+--------+--------+--------+--------+-----+--------+

Top non-repeatable levels by time:
       D: 664 daAuts
